General information
- name: BNet
- type: Ladder team game (AT/RT)
- host: Battle.net
- saver: COMMANER.BRISK
map: Cherryville
- players: 8
- length: 28:07
- speed: Fast
- version: 1.26 W3XP
- replay type: Public
» download(159 KB)
Players
team 1 (winner)
COMMANER.BRISK (
yellow | 39 APM | 1102 actions | 28:07)
2 Blademaster
1 Wind Walk
1 Critical Strike
1 Pit Lord
1 Rain of Fire
» actions
| Assign group hotkey | 16 | |
| Basic commands | 6 | |
| Build / train | 45 | |
| Enter build submenu | 19 | |
| Enter hero's abilities submenu | 3 | |
| Give item / drop item | 3 | |
| Remove unit from queue | 1 | |
| Right click | 489 | |
| Select / deselect | 215 | |
| Select group hotkey | 223 | |
| Use ability | 82 | |
1102 total
» units
| Peon | 11 | |
| Spirit Walker | 15 | |
| Wind Rider | 1 | |
27 total
» upgrades
| Spirit Walker Training | 2 | |
| Reinforced Defenses | 1 | |
| Envenomed Spears | 1 | |
4 total
» buildings
| Stronghold | 3 | |
| Altar of Storms | 1 | |
| Orc Burrow | 8 | |
| Spirit Lodge | 2 | |
| Fortress | 1 | |
| War Mill | 1 | |
| Voodoo Lounge | 1 | |
| Watch Tower | 13 | |
| Great Hall | 1 | |
| Beastiary | 1 | |
32 total
» build order
00:41 Stronghold
01:06 Altar of Storms
01:13 Orc Burrow
02:47 Orc Burrow
03:10 Spirit Lodge
04:53 Fortress
05:05 Spirit Lodge
05:25 Orc Burrow
05:49 Orc Burrow
08:01 War Mill
08:11 Voodoo Lounge
12:08 Orc Burrow
12:08 Orc Burrow
12:42 Orc Burrow
17:01 Watch Tower
17:01 Watch Tower
17:02 Watch Tower
18:56 Great Hall
18:59 Watch Tower
18:59 Watch Tower
19:00 Watch Tower
19:00 Watch Tower
21:40 Watch Tower
21:41 Watch Tower
23:55 Stronghold
24:16 Orc Burrow
25:18 Watch Tower
25:18 Watch Tower
25:18 Watch Tower
25:19 Watch Tower
25:53 Beastiary
» items
| Staff of Teleportation | 2 | |
| Healing Salve | 1 | |
| Orb of Lightning | 1 | |
4 total
igo.blademaster (
red | 32 APM | 888 actions | 28:06)
8 Blademaster
3 Wind Walk
3 Critical Strike
1 Bladestorm
1 Mirror Image
» actions
| Assign group hotkey | 3 | |
| Basic commands | 38 | |
| Build / train | 59 | |
| Enter build submenu | 17 | |
| Enter hero's abilities submenu | 8 | |
| Give item / drop item | 1 | |
| Remove unit from queue | 3 | |
| Right click | 446 | |
| Select / deselect | 250 | |
| Select group hotkey | 3 | |
| Use ability | 59 | |
888 total
» units
| Peon | 4 | |
| Grunt | 3 | |
| Troll Headhunter/Berserker | 16 | |
| Shaman | 2 | |
25 total
» upgrades
| Ranged Weapons | 3 | |
| Armor | 2 | |
| Melee Weapons | 1 | |
| Troll Regeneration | 1 | |
| Berserker Upgrade | 1 | |
| Shaman Training | 1 | |
9 total
» buildings
| Altar of Storms | 1 | |
| Orc Burrow | 6 | |
| War Mill | 1 | |
| Barracks | 3 | |
| Stronghold | 1 | |
| Voodoo Lounge | 1 | |
| Fortress | 1 | |
| Spirit Lodge | 1 | |
15 total
» build order
00:04 Altar of Storms
00:07 Orc Burrow
01:06 War Mill
01:52 Barracks
01:54 Orc Burrow
04:50 Orc Burrow
07:42 Stronghold
09:31 Voodoo Lounge
12:23 Fortress
18:54 Barracks
19:08 Barracks
20:06 Orc Burrow
20:13 Orc Burrow
24:56 Orc Burrow
25:07 Spirit Lodge
» items
| Healing Salve | 3 | |
| Lesser Clarity Potion | 2 | |
| Boots of Speed | 1 | |
| Scroll of Healing | 1 | |
| Potion of Healing | 1 | |
| Scroll of Town Portal | 2 | |
| Orb of Lightning | 1 | |
11 total

»
slay3rx (
orange | 58 APM | 1634 actions | 28:06)
6 Blademaster
2 Wind Walk
3 Critical Strike
1 Bladestorm
5 Shadow Hunter
2 Hex
3 Healing Wave
» actions
| Basic commands | 217 | |
| Build / train | 86 | |
| Enter build submenu | 24 | |
| Enter hero's abilities submenu | 11 | |
| Right click | 656 | |
| Select / deselect | 465 | |
| Use ability | 175 | |
1634 total
» units
| Peon | 6 | |
| Grunt | 10 | |
| Raider | 7 | |
| Troll Batrider | 12 | |
35 total
» upgrades
| Berserker Strength | 1 | |
| Pillage | 1 | |
| Melee Weapons | 1 | |
| Ensnare | 1 | |
| Reinforced Defenses | 1 | |
| Armor | 1 | |
6 total
» buildings
| Altar of Storms | 1 | |
| Orc Burrow | 6 | |
| Barracks | 1 | |
| Voodoo Lounge | 3 | |
| Stronghold | 1 | |
| War Mill | 1 | |
| Watch Tower | 8 | |
| Beastiary | 2 | |
| Fortress | 5 | |
| Great Hall | 2 | |
30 total
» build order
00:09 Altar of Storms
00:20 Orc Burrow
00:49 Barracks
01:31 Orc Burrow
01:45 Voodoo Lounge
03:48 Orc Burrow
05:03 Stronghold
05:05 Orc Burrow
05:27 War Mill
08:02 Watch Tower
08:09 Beastiary
08:25 Beastiary
10:09 Orc Burrow
12:27 Orc Burrow
15:30 Fortress
15:30 Fortress
15:30 Fortress
15:31 Fortress
16:53 Watch Tower
18:21 Great Hall
18:25 Watch Tower
19:18 Watch Tower
19:20 Watch Tower
20:12 Watch Tower
21:05 Watch Tower
21:26 Watch Tower
23:48 Voodoo Lounge
24:33 Great Hall
25:01 Voodoo Lounge
» items
| Healing Salve | 5 | |
| Lesser Clarity Potion | 8 | |
| Scroll of Speed | 2 | |
| Scroll of Town Portal | 5 | |
| Orb of Lightning | 1 | |
21 total
BattleWolf (
blue | 31 APM | 866 actions | 28:06)
6 Archmage
3 Summon Water Elemental
1 Brilliance Aura
1 Blizzard
1 Mass Teleport
5 Mountain King
3 Storm Bolt
2 Bash
» actions
| Basic commands | 3 | |
| Build / train | 93 | |
| Enter build submenu | 31 | |
| Enter hero's abilities submenu | 11 | |
| Give item / drop item | 4 | |
| Remove unit from queue | 3 | |
| Right click | 276 | |
| Select / deselect | 332 | |
| Use ability | 113 | |
866 total
» units
| Peasant | 22 | |
| Rifleman | 5 | |
| Mortar Team | 6 | |
33 total
» upgrades
| Gunpowder | 3 | |
| Masonry | 3 | |
| Lumber Harvesting | 2 | |
| Fragmentation Shards | 1 | |
| Flare | 1 | |
| Armor | 3 | |
| Long Rifles | 1 | |
14 total
» buildings
| Altar of Kings | 1 | |
| Farm | 9 | |
| Arcane Vault | 2 | |
| Barracks | 2 | |
| Blacksmith | 1 | |
| Lumber Mill | 1 | |
| Scout Tower | 10 | |
| Keep | 1 | |
| Guard Tower | 3 | |
| Town Hall | 1 | |
| Castle | 1 | |
| Workshop | 3 | |
| Cannon Tower | 1 | |
36 total
» build order
00:09 Altar of Kings
00:18 Farm
00:28 Arcane Vault
01:00 Farm
01:38 Farm
01:53 Barracks
02:12 Barracks
02:19 Farm
02:48 Blacksmith
03:18 Farm
03:26 Lumber Mill
04:44 Scout Tower
04:53 Farm
04:56 Keep
05:12 Guard Tower
05:16 Scout Tower
05:43 Scout Tower
05:47 Scout Tower
06:53 Town Hall
07:13 Guard Tower
07:59 Castle
09:38 Workshop
09:41 Workshop
10:40 Workshop
12:20 Farm
13:05 Farm
14:10 Farm
16:27 Arcane Vault
20:22 Scout Tower
20:24 Scout Tower
20:33 Scout Tower
23:32 Guard Tower
25:45 Scout Tower
25:57 Scout Tower
26:00 Cannon Tower
26:17 Scout Tower
26:20 Guard Tower
» items
| Lesser Clarity Potion | 4 | |
| Scroll of Regeneration | 8 | |
| Potion of Healing | 3 | |
| Scroll of Town Portal | 5 | |
| Orb of Fire | 1 | |
| Potion of Mana | 1 | |
| Orb of Lightning | 1 | |
| Potion of Lesser Invulnerability | 1 | |
24 total
team 2 (loser)

»
mistergugi (
purple | 55 APM | 1540 actions | 27:56)
4 Blademaster
2 Wind Walk
2 Critical Strike
2 Death Knight
1 Unholy Aura
1 Death Coil
» actions
| Assign group hotkey | 24 | |
| Basic commands | 4 | |
| Build / train | 83 | |
| ESC pressed | 4 | |
| Enter build submenu | 27 | |
| Enter hero's abilities submenu | 6 | |
| Give item / drop item | 1 | |
| Right click | 653 | |
| Select / deselect | 327 | |
| Select group hotkey | 335 | |
| Use ability | 76 | |
1540 total
» units
| Peon | 16 | |
| Acolyte | 14 | |
| Ghoul | 9 | |
| Crypt Fiend | 4 | |
| Wind Rider | 10 | |
| Gargoyle | 1 | |
| Troll Batrider | 5 | |
59 total
» upgrades
| Ranged Weapons | 2 | |
| Armor | 2 | |
| Spiked Barricades | 1 | |
| Envenomed Spears | 1 | |
6 total
» buildings
| Orc Burrow | 7 | |
| Altar of Storms | 1 | |
| Voodoo Lounge | 1 | |
| War Mill | 1 | |
| Stronghold | 1 | |
| Beastiary | 3 | |
| Halls of the Dead | 1 | |
| Spirit Tower | 3 | |
| Ziggurat | 1 | |
| Great Hall | 3 | |
| Nerubian Tower | 1 | |
| Fortress | 1 | |
| Watch Tower | 7 | |
| Spirit Lodge | 2 | |
33 total
» build order
00:09 Orc Burrow
00:14 Altar of Storms
01:01 Orc Burrow
01:25 Voodoo Lounge
01:59 War Mill
03:11 Stronghold
03:34 Orc Burrow
03:36 Orc Burrow
03:37 Orc Burrow
05:42 Beastiary
05:45 Beastiary
05:54 Beastiary
06:34 Halls of the Dead
06:53 Spirit Tower
07:31 Spirit Tower
10:15 Ziggurat
10:49 Great Hall
12:27 Orc Burrow
12:29 Orc Burrow
13:07 Nerubian Tower
13:08 Spirit Tower
15:52 Fortress
16:52 Watch Tower
16:55 Watch Tower
16:59 Watch Tower
17:44 Great Hall
20:34 Great Hall
25:35 Watch Tower
25:40 Watch Tower
25:44 Watch Tower
25:50 Watch Tower
25:56 Spirit Lodge
27:43 Spirit Lodge
» items
| Healing Salve | 1 | |
| Lesser Clarity Potion | 2 | |
| Rod of Necromancy | 1 | |
4 total

»
MaRc_ThE_oRc (
pink | 45 APM | 187 actions | 04:10)
1 Death Knight
1 Death Coil
» actions
| Basic commands | 14 | |
| Build / train | 14 | |
| Enter build submenu | 6 | |
| Enter hero's abilities submenu | 1 | |
| Right click | 88 | |
| Select / deselect | 57 | |
| Use ability | 7 | |
187 total
» units
| Acolyte | 7 | |
| Ghoul | 3 | |
| Crypt Fiend | 2 | |
12 total
» buildings
| Altar of Darkness | 1 | |
| Ziggurat | 2 | |
| Crypt | 1 | |
| Graveyard | 1 | |
| Tomb of Relics | 1 | |
6 total
» build order
00:06 Altar of Darkness
00:14 Ziggurat
00:19 Crypt
01:11 Graveyard
01:51 Ziggurat
02:34 Tomb of Relics
Benji (
green | 22 APM | 617 actions | 28:05)
5 Priestess of the Moon
3 Searing Arrows
2 Trueshot Aura
» actions
| Assign group hotkey | 21 | |
| Basic commands | 17 | |
| Build / train | 87 | |
| Enter build submenu | 18 | |
| Enter hero's abilities submenu | 5 | |
| Right click | 153 | |
| Select / deselect | 214 | |
| Select group hotkey | 75 | |
| Use ability | 27 | |
617 total
» units
| Wisp | 20 | |
| Archer | 16 | |
| Huntress | 8 | |
| Dryad | 25 | |
69 total
» upgrades
| Reinforced Hides | 2 | |
| Moon Armor | 2 | |
| Strength of the Moon | 2 | |
| Strength of the Wild | 2 | |
| Improved Bows | 1 | |
| Abolish Magic | 1 | |
10 total
» buildings
| Altar of Elders | 1 | |
| Moon Well | 6 | |
| Ancient of War | 1 | |
| Hunter's Hall | 1 | |
| Tree of Ages | 1 | |
| Ancient of Lore | 2 | |
| Tree of Life | 4 | |
16 total
» build order
00:06 Altar of Elders
00:16 Moon Well
00:20 Ancient of War
02:05 Moon Well
02:54 Hunter's Hall
05:59 Moon Well
06:45 Tree of Ages
07:49 Moon Well
09:39 Ancient of Lore
09:44 Ancient of Lore
10:23 Tree of Life
13:30 Moon Well
15:10 Moon Well
18:01 Tree of Life
22:24 Tree of Life
26:24 Tree of Life
» items
cameloman (
teal | 68 APM | 1895 actions | 27:53)
5 Dreadlord
3 Vampiric Aura
1 Sleep
1 Carrion Swarm
» actions
| Assign group hotkey | 8 | |
| Basic commands | 16 | |
| Build / train | 93 | |
| Enter build submenu | 23 | |
| Enter hero's abilities submenu | 5 | |
| Give item / drop item | 1 | |
| Right click | 1445 | |
| Select / deselect | 260 | |
| Select group hotkey | 14 | |
| Use ability | 30 | |
1895 total
» units
| Acolyte | 21 | |
| Ghoul | 11 | |
| Crypt Fiend | 13 | |
| Gargoyle | 19 | |
| Frost Wyrm | 4 | |
68 total
» upgrades
| Creature Attack | 4 | |
| Creature Carapace | 3 | |
| Web | 1 | |
| Stone Form | 1 | |
| Ghoul Frenzy | 1 | |
| Freezing Breath | 1 | |
11 total
» buildings
| Crypt | 3 | |
| Ziggurat | 9 | |
| Altar of Darkness | 1 | |
| Graveyard | 1 | |
| Tomb of Relics | 1 | |
| Halls of the Dead | 1 | |
| Black Citadel | 1 | |
| Sacrificial Pit | 1 | |
| Necropolis | 1 | |
| Boneyard | 1 | |
| Spirit Tower | 1 | |
21 total
» build order
00:55 Crypt
00:58 Crypt
01:02 Ziggurat
01:11 Altar of Darkness
01:27 Graveyard
01:39 Ziggurat
03:29 Ziggurat
06:39 Tomb of Relics
06:49 Ziggurat
08:07 Halls of the Dead
08:38 Ziggurat
08:41 Ziggurat
08:43 Ziggurat
08:45 Crypt
10:33 Black Citadel
10:37 Sacrificial Pit
11:53 Necropolis
12:07 Ziggurat
12:11 Ziggurat
14:35 Boneyard
26:14 Spirit Tower
» items
| Orb of Corruption | 1 | |
| Potion of Healing | 2 | |
| Scroll of Town Portal | 2 | |
5 total
Chat log
(00:05 / Allies) slay3rx: rush
(00:14 / Allies) igo.blademaster: okay
(00:15 / Allies) igo.blademaster: hm
(00:16 / Allies) igo.blademaster: okay
(00:16 / Allies) igo.blademaster: hm
(00:17 / Allies) igo.blademaster: okay
(00:25 / Allies) slay3rx: 3 orc + 1 hu
(00:27 / Allies) slay3rx: rush=
(00:31 / Allies) igo.blademaster: 3 bm or 3 what
(00:33 / Allies) igo.blademaster: 3 shadow hunter maybe
(00:38 / Allies) slay3rx: 3 bm +mk
(00:39 / Allies) slay3rx: :P
(00:42 / Allies) igo.blademaster: yes
(00:45 / Allies) igo.blademaster: EVERYONE GET BM BITCH
(00:47 / Allies) igo.blademaster: DONT U DARE GET ANYTHING ELSE
(00:50 / Allies) slay3rx: lol
(00:57 / Allies) igo.blademaster: i tk if i see fukin TC
(00:59 / Allies) COMMANER.BRISK: why is he mad at us
(01:11 / Allies) slay3rx: he is getting very emotional about it
(01:12 / Allies) igo.blademaster: JUST A WARNING
(01:25 / Allies) slay3rx: harass red?
(01:30 / Allies) COMMANER.BRISK: we are friends he shound not be mad
(01:41 / Allies) igo.blademaster: yes harass
(01:42 / Allies) igo.blademaster: is good
(01:43 / Allies) igo.blademaster: is evil
(01:44 / Allies) igo.blademaster: is good
(01:46 / Allies) igo.blademaster: is evil
(02:01 / Allies) igo.blademaster: anyone getting D3?
(02:04 / Allies) slay3rx: me
(02:06 / Allies) slay3rx: I got beta
(02:09 / Allies) igo.blademaster: OMFG D3 IS GOING TO GET SO MUCH OF MY NUT
(02:10 / Allies) slay3rx: but bored as hell with it
(02:17 / Allies) igo.blademaster: dude can i borrow ur key to try it out
(02:21 / Allies) slay3rx: lol
(02:28 / Allies) igo.blademaster: i want to play it so bad lol
(02:35 / Allies) slay3rx: hmm
(02:39 / Allies) slay3rx: it gets old fast
(03:10 / Allies) igo.blademaster: it looks fun
(03:24 / Allies) igo.blademaster: but im sure the beta demo part gets repetitiv
(03:35 / Allies) slay3rx: ye
(04:02 / Allies) igo.blademaster: nice we mess this guy up
(04:12 / Allies) igo.blademaster: i wish i could acquire a beta key
(04:18 / Allies) igo.blademaster: i heard they are giving some away on twitter next week
(04:36 / Allies) slay3rx: dk
(05:19 / Allies) slay3rx: lets hit
(05:20 / Allies) COMMANER.BRISK: did we win
(05:22 / Allies) igo.blademaster: we really hampered him i think
(05:37 / Allies) COMMANER.BRISK: how do i move orange men
(05:41 / Allies) igo.blademaster: how did you get into the beta orange
(05:49 / Allies) slay3rx: signed up
(05:53 / Allies) slay3rx: through bnet acct
(05:59 / Allies) slay3rx: had also sc2 beta :P
(06:46 / Allies) igo.blademaster: ?
(07:04 / Allies) BattleWolf: YO FUCK U YELLOW
(07:07 / Allies) BattleWolf: TAKIN MY SHIT
(07:17 / Allies) igo.blademaster: WTF BRO
(07:19 / Allies) igo.blademaster: U STOLE ME
(07:23 / Allies) igo.blademaster: U STOLE MY GEAR
(07:37 / Allies) igo.blademaster: this funny guy just stole my claw
(08:23 / Allies) igo.blademaster: dude i will nut on you if u steal from me
(08:46 / Allies) igo.blademaster: DUDE WTF
(08:53 / Allies) igo.blademaster: gonna kill ur bitch ass
(09:04 / Allies) igo.blademaster: theft bitch
(09:28 / Allies) igo.blademaster: dude u fucker
(09:40 / Allies) igo.blademaster: blue can you believe this
(11:16 / Allies) igo.blademaster: BLUE LOOK AT THIS SHIT
(11:20 / Allies) igo.blademaster: HE IS BLOCKING ME IN
(11:37 / Allies) igo.blademaster: blue look at this
(11:38 / Allies) BattleWolf: WOW
(11:39 / Allies) igo.blademaster: WHAT THE FUCK
(11:40 / Allies) BattleWolf: WTF
(11:47 / All) slay3rx: rofl
(11:47 / Allies) igo.blademaster: PUSSY ASS
(12:05 / Allies) igo.blademaster: DUDE ARE U SEROUS
(12:29 / Allies) igo.blademaster: what is ur problem man
(12:35 / Allies) slay3rx: lol
(12:57 / Allies) slay3rx: windwalk
(13:07 / Allies) igo.blademaster: DDE
(13:08 / Allies) igo.blademaster: DUDE
(13:09 / Allies) igo.blademaster: THIS IS BS
(13:10 / Allies) igo.blademaster: DUDE
(13:11 / Allies) igo.blademaster: THIS IS SUCH BS
(13:12 / Allies) igo.blademaster: WTF
(13:12 / Allies) igo.blademaster: WTF
(13:13 / Allies) igo.blademaster: TF
(13:13 / Allies) igo.blademaster: W
(13:14 / Allies) igo.blademaster: AS
(13:14 / Allies) igo.blademaster: ADS
(13:31 / Allies) BattleWolf: RED
(13:33 / Allies) BattleWolf: MINE MIDDLE
(13:36 / Allies) igo.blademaster: omfg
(13:39 / Allies) igo.blademaster: MY FING GOD
(13:48 / Allies) igo.blademaster: this guy JUST ROBBEDE ME
(13:53 / Allies) igo.blademaster: DUDE FUCKIN STO
(13:54 / Allies) igo.blademaster: ADSJADSAS
(13:55 / Allies) igo.blademaster: JSDKJAKLDJLJADKLJASLDJA
(13:56 / Allies) igo.blademaster: JASJDAS
(13:56 / Allies) igo.blademaster: JAS
(13:57 / Allies) igo.blademaster: J
(14:23 / Allies) igo.blademaster: dude stop harassing me
(14:36 / Allies) igo.blademaster: anyone got wood
(15:06 / Allies) igo.blademaster: YELLOW GO HELP U FER
(15:29 / Allies) igo.blademaster: god i hate u
(15:55 / Allies) slay3rx: lol
(16:00 / Allies) igo.blademaster: THIS SOB
(16:21 / Allies) igo.blademaster: ui dont know wtf to do man
(16:24 / Allies) igo.blademaster: this guy harassign me
(17:37 / Allies) igo.blademaster: stop cock blocking yellow
(19:02 / Allies) igo.blademaster: blue
(19:05 / Allies) igo.blademaster: plz come blow these trees up
(19:16 / Allies) igo.blademaster: can i have wood please someone
(19:38 / Allies) slay3rx: lol
(19:39 / Allies) igo.blademaster: yellow i am sorry for upsetting you
(19:41 / Allies) slay3rx: blue has 4k gold
(19:43 / Allies) igo.blademaster: please leave
(19:47 / Allies) igo.blademaster: my base
(19:54 / Allies) igo.blademaster: blue wood pleaes
(19:57 / Allies) igo.blademaster: please wood blue
(20:21 / Allies) igo.blademaster: yellow thank you for protecting my base
(20:38 / Allies) igo.blademaster: BLUE WOOD
(20:40 / Allies) igo.blademaster: YOU HAVE 2.3K
(20:56 / Allies) igo.blademaster: protect me yellow
(21:00 / Allies) igo.blademaster: HELP
(21:01 / Allies) igo.blademaster: TP
(21:02 / Allies) igo.blademaster: HELP
(21:09 / Allies) slay3rx: mass tanks blue
(21:28 / Allies) igo.blademaster: help
(22:24 / All) igo.blademaster: LOL YELLOW U ROCK
(23:07 / Allies) COMMANER.BRISK: this is so hilarious for all the wrong reasons
(23:16 / Allies) igo.blademaster: i loveu bro
(24:40 / Allies) igo.blademaster: yellow u are so cool man
(25:15 / All) igo.blademaster: i love u yellow
(25:19 / All) BattleWolf: NICE MINERS PURP
(25:22 / All) BattleWolf: HAHHA
(27:55 / Allies) igo.blademaster: nice
(28:02 / All) slay3rx: lol